AoeStats
← b站江条

Arabian Desert

508604915Analyzed
1v1 RM · 8d ago on Sep 23, 2026· 43m 52s· 2 players
Game mode
Random Map
Map size
Tiny (2 player)
Population
200
Speed
Normal
Resources
Standard
Victory
Conquest
Starting age
Dark Age
Ending age
Imperial Age
RankedLock teamsTeams togetherTeam positionsShared explorationLock speedFull tech treeHidden civsTurbo modeCheats
Victory
Defeat
🇷🇺 Varangians · Russia
1404
+16
🇨🇳 Maya · China
1411
-16
JustHaveFun()
6:40 Loom
9:04 Feudal Age
9:41 Double-Bit Axe
10:10 Horse Collar
14:07 Bloodlines
15:59 Scale Barding Armor
16:07 Forging
16:50 Scale Barding Armor
18:19 Wheelbarrow
22:16 Castle Age
20:43 Gold Mining
22:17 Light Cavalry
22:58 Husbandry
23:20 Chain Barding Armor
32:21 Town Watch
36:54 Iron Casting
41:17 Imperial Age
40:06 Stone Mining
41:17 Cavalier
42:35 Plate Barding Armor
43:01 Blast Furnace
42:01 Gothikon
42:11 Vendel Legacy
43:15 Conscription
b站江条
0:25 Loom
8:50 Feudal Age
13:22 Double-Bit Axe
21:10 Castle Age
19:23 Horse Collar
20:03 Fletching
21:12 Crossbowman
21:55 Bodkin Arrow
25:18 Padded Archer Armor
25:15 Gold Mining
25:53 Bow Saw
26:43 Leather Archer Armor
28:18 Wheelbarrow
28:49 Thumb Ring
36:30 Imperial Age
36:05 Forging
36:59 Hand Cart
38:25 Bracer
40:44 Chemistry
Connection lost

Rejoining the realm…

Still unreachable

The connection could not be restored.

Session expired

The server has moved on; the page needs a fresh start.